 Dungeon Crawl Stone Soup version 0.19.1 (webtiles) character file.

214 DarthKuruptios2 the Cudgeler (level 5, -2/34 HPs)
             Began as a Gargoyle Berserker on Dec 13, 2016.
             Was a Believer of Trog.
             Killed by divine providence
             ... invoked by an orc priest
              (14 damage)
             ... on level 3 of the Dungeon.
             The game lasted 00:07:29 (1924 turns).

DarthKuruptios2 the Cudgeler (Gargoyle Berserker)   Turns: 1924, Time: 00:07:30

Health: -2/34      AC: 14    Str: 21    XL:     5   Next: 91%
Magic:  5/5        EV:  3    Int:  7    God:    Trog [**....]
Gold:   133        SH: 11    Dex: 10    Spells: 0 memorised, 4 levels left

rFire  . . .     SeeInvis .     a - +1 mace
rCold  . . .     Gourm    .     f - +0 chain mail
rNeg   + . .     Faith    .     q - +0 large shield
rPois  ∞         Spirit   .     j - +1 hat
rElec  +         Reflect  .     (no cloak)
rCorr  .         Harm     .     (no gloves)
MR     .....                    (no boots)
Stlth  ..........               (no amulet)
                                (no ring)
                                (no ring)

@: no status effects
A: negative energy resistance 1, electricity resistance, unbreathing,
petrification resistance, rot immunity, AC +4
a: Berserk, Trog's Hand, Burn Spellbooks, Renounce Religion


You were on level 3 of the Dungeon.
You worshipped Trog.
Trog was pleased with you.
You were not hungry.

You visited 1 branch of the dungeon, and saw 3 of its levels.

You collected 133 gold pieces.

Inventory:

Hand Weapons
 a - a +1 mace (weapon)
Missiles
 k - 13 bolts
Armour
 f - a +0 chain mail (worn)
 j - a +1 hat (worn)
 q - a +0 large shield (worn)
Jewellery
 s - an uncursed amulet of harm {unknown}
Scrolls
 e - a scroll of magic mapping
 h - a scroll of identify
 i - a scroll of blinking {unknown}
 r - a scroll of recharging {unknown}
Potions
 b - a potion of cancellation
 l - a potion of degeneration {unknown}
 o - a potion of haste {unknown}
Comestibles
 c - 2 bread rations
 d - a slice of pizza
 g - 3 meat rations
 m - a royal jelly
 n - 3 fruits
 p - 5 chunks of flesh


   Skills:
 + Level 4.3 Fighting
 + Level 5.0 Maces & Flails
 + Level 2.9 Armour
 + Level 2.2 Dodging


You had 4 spell levels left.
You didn't know any spells.

Dungeon Overview and Level Annotations

Branches:
Dungeon (3/15)

Altars:
Cheibriados

Annotations:
D:3 1 runed door, Jessica


Innate Abilities, Weirdness & Mutations

You are resistant to torment.
Your stone body is resilient. (AC +4)
You are immune to poison.
You resist negative energy. (rN+)
You are resistant to electric shocks. (rElec)
You can survive without breathing.
You are immune to petrification.
You are immune to rotting.


Message History

The bat hits you but does no damage.
Your shield prevents you from hitting the bat.
The bat hits you but does no damage. x2; Jessica hits you but does no damage.
You block the bat's attack. You block Jessica's attack.
You closely miss the bat. The bat hits you.
The bat hits you but does no damage. You block Jessica's attack.
You block the bat's attack. Jessica hits you but does no damage.
You hit the bat.
The bat is severely wounded.
You block the bat's attack. The bat hits you but does no damage.
Jessica hits you but does no damage. The bat barely misses you.
Jessica hits you but does no damage. You block the bat's attack.
You sock the bat!
You kill the bat!
Trog accepts your kill.
Jessica casts a spell.
Jessica blinks!
The orc priest invokes the aid of Beogh against you.
Beogh smites you!
You die...

<# ###.#..##.# ##
#......##.#
#.#.#...#.#######
####.#.#.#..........
...≈≈≈.#.#.#.#######
..≈≈≈≈≈##........#
..≈≈.≈≈_#....#.#.#
#.≈≈≈≈≈###.....#.#
##.≈≈≈...#.#.###@#
...#....<#.@oKog.#
...#.#######Ko####
##.#.# #..# ###
#.#.# #..# #...
#.#.# #..# #JK#
#.#.# #.o# #bg#
....# #.o##gK# #.#
#(.#.g#


You could see an orc priest, Jessica, 2 orcs, a goblin and 2 kobolds.

Vanquished Creatures
  The ghost of Geoffrax the Slasher, an amateur DgGl (D:3)
  A worker ant zombie (D:3)
  2 adders
  A worm (D:2)
  A dart slug (D:3)
  2 leopard geckos (D:3)
  7 goblins
  3 hobgoblins (D:1)
  12 jackals
  A ball python (D:1)
  2 bats
  3 frilled lizards
  2 kobolds
  5 rats
43 creatures vanquished.

Notes
Turn   | Place    | Note
-------+----------+-------------------------------------------
     0 | D:1      | DarthKuruptios2 the Gargoyle Berserker began the quest for the Orb.
     0 | D:1      | Reached XP level 1. HP: 14/14 MP: 1/1
   326 | D:1      | Reached XP level 2. HP: 19/19 MP: 2/2
   893 | D:1      | Reached ** piety under Trog
   893 | D:1      | Reached XP level 3. HP: 22/23 MP: 3/3
  1675 | D:3      | Noticed Geoffrax's ghost (amateur DgGl)
  1685 | D:3      | Killed Geoffrax's ghost
  1685 | D:3      | Reached skill level 4 in Maces & Flails
  1685 | D:3      | Reached XP level 4. HP: 29/29 MP: 4/4
  1685 | D:3      | Reached XP level 5. HP: 33/33 MP: 5/5
  1740 | D:3      | Found a runed door.
  1816 | D:3      | Reached skill level 5 in Maces & Flails
  1823 | D:3      | Found a snail-covered altar of Cheibriados.
  1899 | D:3      | Noticed Jessica
  1924 | D:3      | Killed from afar by an orc priest

Skill      XL: |  1  2  3  4  5 |
---------------+----------------+-----
Dodging        | 2 |  2.2
Fighting       | 4 |  4.3
Maces & Flails | 4 5 |  5.0
Armour         | |  2.9

Action                   |  1- 3 |  4- 6 || total
-------------------------+-------+-------++-------
Melee: Mace              |   138 |    36 ||   174
Invok: Berserk           |     2 |       ||     2
       Trog's Hand       |       |     1 ||     1
  Use: Scroll            |     8 |       ||     8
  Eat: Chunk             |     3 |       ||     3
       Fruit             |       |     3 ||     3
Armor: Animal skin       |    33 |       ||    33
       Ring mail         |    11 |       ||    11
       Chain mail        |    50 |    38 ||    88
Dodge: Dodged            |   116 |    16 ||   132
Block: Large shield      |       |    17 ||    17
